 Dungeon Sprint DCSS version 0.30.1-4-g462c640d31 (webtiles) character file.

Game seed: 16652513396104832752

451 Heoruswealwe the Prestidigitator (level 6, -1/29 HPs)
             Began as a Spriggan Artificer on Aug 28, 2023.
             Was the Champion of Zin.
             Slain by Sonja
             ... wielding a +2 short sword of distortion
              (5 damage)
             ... in the Dungeon (Sprint I: "Red Sonja").
             The game lasted 00:03:40 (197 turns).

Heoruswealwe the Prestidigitator (SpAr)              Turns: 197, Time: 00:03:40

Health: -1/29      AC:  2    Str:  8    XL:     6   Next: 75%
Magic:  7/7        EV: 22    Int: 15    God:    Zin [******]
Gold:   353        SH:  0    Dex: 15    Spells: 5/5 levels left

rFire   . . .        a - +0 club
rCold   . . .        (no shield)
rNeg    . . .        b - +0 robe
rPois   .            (helmet restricted)
rElec   .            (no cloak)
rCorr   .            (gloves unavailable)
SInv    +            (boots unavailable)
Will    +....        (no amulet)
Stlth   +++++        (no ring)
HPRegen 0.24/turn    (no ring)
MPRegen 0.10/turn

%: no teleportation
@: very quick
A: very small, no large weapons, unfitting armour, see invisible, speed 3
a: Renounce Religion, Recite, Vitalisation, Imprison, Sanctuary, Donate Gold


You were in the Dungeon.
You worshipped Zin.
Zin was exalted by your worship.
You visited 1 branch You collected 368 gold pieces.
You donated 15 gold pieces to Zin.

Inventory:

Hand Weapons
 a - a +0 club (weapon)
Armour
 b - a +0 robe (worn)
Wands
 d - a wand of charming (15)
 l - a wand of digging (4)
Scrolls
 k - a scroll of blinking
Potions
 f - a potion of curing
 g - a potion of heal wounds
 h - a potion of haste
 i - 2 potions of magic
 j - a potion of berserk rage
 m - a potion of mutation {unknown}
 n - a potion of ambrosia {unknown}


   Skills:
 - Level 0.7 Fighting
 + Level 10.0 Dodging
 + Level 11.3 Stealth
 * Level 13.8 Evocations


You had 5 spell levels left.
You didn't know any spells.
Your spell library was empty.

Dungeon Overview and Level Annotations

Branches:
Dungeon (1/1)

Altars:
Cheibriados
Dithmenos
Elyvilon
Fedhas
Gozag
Hepliaklqana
Kikubaaqudgha
Nemelex Xobeh
Okawaru
Qazlal
Ru
Sif Muna
Trog
Uskayaw
Vehumet
Wu Jian
Yredelemnul
Zin
The Shining One

Shops:
D !

Annotations:
D Sonja


Innate Abilities, Weirdness & Mutations

You are very small and have problems with some larger weapons.
You are too small for most types of armour.
You have supernaturally acute eyesight. (SInv)
You cover ground extremely quickly. (Speed+++)


Message History

Sonja is severely wounded.
Sonja misses you. Sonja closely misses you. Sonja misses you.
Sonja gestures wildly while chanting.
Sonja blinks!
Sonja throws a curare-tipped dart.
The curare-tipped dart closely misses you.
There is an ornate altar of the Wu Jian Council here.
Sonja barely misses you. Sonja completely misses you. Sonja misses you.
You see here a +3 hand axe.
You completely miss Sonja.
Sonja is heavily wounded.
Sonja hits you with a +2 short sword of distortion.
Sonja misses you. Sonja completely misses you. Sonja closely misses you.
Sonja misses you.
Sonja hits you with a +2 short sword of distortion.
Space warps around you.
You closely miss Sonja.
Sonja is heavily wounded.
Sonja closely misses you.
Sonja hits you with a +2 short sword of distortion.
Sonja barely misses you. Sonja completely misses you.
Sonja hits you with a +2 short sword of distortion.
Sonja closely misses you.
You miss Sonja.
Sonja is heavily wounded.
Sonja hits you with a +2 short sword of distortion.
Sonja misses you. x3
Sonja hits you with a +2 short sword of distortion.
* * * LOW HITPOINT WARNING * * *
Space warps around you.
* * * LOW HITPOINT WARNING * * *
Sonja closely misses you.
You hit Sonja but do no damage.
Sonja is heavily wounded.
Sonja misses you.
Sonja closely misses you. x2; Sonja misses you.
Sonja closely misses you. x2
You miss Sonja.
Sonja is heavily wounded.
Sonja hits you with a +2 short sword of distortion.
You die...

################
#<.#..'..#.)'..#
#..)..#..'..#..+
#.)#####'#####'#
#..####..#...#K#
#..#__####..##@#
#..#_____##'#_.+
#⌠⌠#_.∩...'..._#
##.#_..__##_.#'#
#..#_____###'#.#
########## #.###
$.$ $.$ ##.##


You could see Sonja.

Vanquished Creatures
  Sigmund (D)
  A yak (D)
  An ogre (D)
  A jelly (D)
  Ijyb (D)
5 creatures vanquished.

Notes
Turn   | Place    | Note
-------+----------+-------------------------------------------
     0 | D        | Heoruswealwe the Spriggan Artificer began the quest for the
                  | Orb.
     0 | D        | Reached XP level 1. HP: 9/9 MP: 2/2
     1 | D        | Noticed Ijyb
     7 | D        | Killed Ijyb
     8 | D        | Reached skill level 6 in Evocations
     8 | D        | Reached XP level 2. HP: 14/14 MP: 3/3
    18 | D        | Noticed an ogre
    27 | D        | Killed an ogre
    28 | D        | Reached skill level 9 in Evocations
    28 | D        | Reached XP level 3. HP: 17/17 MP: 4/4
    28 | D        | Reached XP level 4. HP: 21/21 MP: 5/5
    36 | D        | Noticed Sigmund
    38 | D        | Killed Sigmund
    39 | D        | Reached skill level 12 in Evocations
    39 | D        | Reached XP level 5. HP: 25/25 MP: 6/6
    39 | D        | Reached XP level 6. HP: 29/29 MP: 7/7
    47 | D        | Found a shimmering blue altar of Sif Muna.
    48 | D        | Found an ornate altar of the Wu Jian Council.
    51 | D        | Reached skill level 10 in Stealth
    51 | D        | Found a radiant altar of Vehumet.
    64 | D        | Found Fereyteo's Distillery.
    64 | D        | Found an ancient bone altar of Kikubaaqudgha.
    64 | D        | Found a hazy altar of Hepliaklqana.
    64 | D        | Found a stormy altar of Qazlal.
    64 | D        | Found a hide-covered altar of Uskayaw.
    64 | D        | Found a blossoming altar of Fedhas.
    64 | D        | Found a bloodstained altar of Trog.
    64 | D        | Found an iron altar of Okawaru.
    64 | D        | Found a basalt altar of Yredelemnul.
    64 | D        | Found a glowing golden altar of the Shining One.
    64 | D        | Found a snail-covered altar of Cheibriados.
    64 | D        | Found a sacrificial altar of Ru.
    64 | D        | Found a glowing silver altar of Zin.
    64 | D        | Found a shadowy altar of Dithmenos.
    64 | D        | Found a white marble altar of Elyvilon.
    64 | D        | Noticed a yak
    85 | D        | Killed a yak
    86 | D        | Reached skill level 10 in Dodging
    86 | D        | Reached skill level 13 in Evocations
   122 | D        | Found an opulent altar of Gozag.
   123 | D        | Found a sparkling altar of Nemelex Xobeh.
   129 | D        | Became a worshipper of Zin the Law-Giver
   129 | D        | Reached * piety under Zin
   129 | D        | Reached ** piety under Zin
   129 | D        | Reached *** piety under Zin
   129 | D        | Reached **** piety under Zin
   129 | D        | Reached ***** piety under Zin
   142 | D        | Reached ****** piety under Zin
   187 | D        | Noticed Sonja
   197 | D        | Slain by Sonja

Illustrated notes

Levels and vault maps discovered:
D:        dungeon_sprint_1 [red_sonja_temple_1, red_sonja_temple_small_1]

Skill      XL: |  1  2  3  4  5  6 |
---------------+-------------------+-----
Dodging        | 4 6 8 10 | 10.0
Stealth        | 4 7 9 11 | 11.3
Evocations     | 6 9 12 13 | 13.8
Fighting       | |  0.7

Action                     |  1- 3 |  4- 6 || total
---------------------------+-------+-------++-------
  Melee: Club              |       |     6 ||     6
  Evoke: Wand              |     8 |    13 ||    21
  Dodge: Dodged            |     1 |    25 ||    26
